 Dungeon Crawl Stone Soup version 0.31-a0-705-ga145531891 (webtiles) character file.

Game seed: 4570663099537941076

148918 zazu2006 the Thaumaturge (level 17, -15/133 HPs)
             Began as a Gnoll Wanderer on Sept 9, 2023.
             Was a High Priest of Vehumet.
             Killed from afar by a deep elf knight (36 damage)
             ... with a shard of ice
             ... on level 2 of the Elven Halls.
             The game lasted 01:49:22 (37730 turns).

zazu2006 the Thaumaturge (Gnoll Wanderer)          Turns: 37730, Time: 01:49:23

Health: -15/133    AC: 21    Str: 12 (13) XL:     17   Next: 50%
Magic:  7/35       EV: 21    Int: 23      God:    Vehumet [*****.]
Gold:   2346       SH:  9    Dex: 14      Spells: 5/45 levels left

rFire   . . .        K - +9 long sword of Wrath {freeze, SInv}
rCold   . . .        d - +2 buckler
rNeg    . . .        G - +0 acid dragon scales
rPois   +            M - +1 helmet "Ypeamu" {Rampage *Corrode rPois}
rElec   .            (no cloak)
rCorr   +            g - +0 pair of gloves
SInv    +            n - +3 pair of seven-league boots {Rampage+∞}
Will    +....        I - amulet of the Jocular God {RegenMP *Corrode Int+5 Dex+2}
Stlth   +++++        H - +5 ring of evasion
HPRegen 0.42/turn    y - +4 ring of protection
MPRegen 0.64/turn

%: corrode self (6%), rampage+∞
@: about to teleport, very slightly contaminated
A: fangs 1, strong nose, distributed training, deterioration 1
a: Renounce Religion


You were on level 2 of the Elven Halls.
You worshipped Vehumet.
Vehumet was extremely pleased with you.
You visited 5 branches of the dungeon, and saw 25 of its levels.
You also visited: Sewer and Gauntlet.

You collected 2688 gold pieces.
You spent 342 gold pieces at shops.

Inventory:

Hand Weapons
 K - the +9 long sword of Wrath (weapon) {freeze, SInv}
   (You found it in a Gauntlet)

   SInv:      It lets you see invisible.
 T - a +2 scimitar of flaming
Missiles
 D - 3 curare-tipped darts
 J - 4 throwing nets (quivered)
Armour
 d - a +2 buckler (worn)
 g - a +0 pair of gloves (worn)
 l - the +1 cloak of the Moon Troll {rF+ rC++ Dex-4 SInv}
   (You bought it in a shop on level 2 of the Orcish Mines)

   Dex-4:     It affects your dexterity (-4).
   rF+:       It protects you from fire.
   rC++:      It greatly protects you from cold.
   SInv:      It lets you see invisible.
 n - the +3 pair of seven-league boots (worn) {Rampage+∞}
   (You found it in a Gauntlet)

   Rampage+∞: When moving toward enemies, its wearer moves as far as possible,
   alerting their target en route.
 G - +0 acid dragon scales (worn)
 M - the +1 helmet "Ypeamu" (worn) {Rampage *Corrode rPois}
   (You found it in a Gauntlet)

   rPois:     It protects you from poison *Corrode: It may corrode you when you
   take damage.
   Rampage:   It bestows one free step when moving towards enemies.
 V - a +2 kite shield of cold resistance
Jewellery
 v - the amulet "Zeitism" {RegenMP rC+ rN++ Int+2}
   (You found it in a Gauntlet)

   [amulet of magic regeneration]

   RegenMP:   It increases your rate of magic regeneration.
   Int+2:     It affects your intelligence (+2).
   rC+:       It protects you from cold.
   rN++:      It greatly protects you from negative energy.
 y - a +4 ring of protection (right hand)
 C - a ring of flight
 H - a +5 ring of evasion (left hand)
 I - the amulet of the Jocular God (around neck) {RegenMP *Corrode Int+5 Dex+2}
   (You took it off an orc priest on level 7 of the Dungeon)

   [amulet of magic regeneration]

   RegenMP:   It increases your rate of magic regeneration.
   Int+5:     It affects your intelligence (+5).
   Dex+2:     It affects your dexterity (+2).
   *Corrode:  It may corrode you when you take damage.
Wands
 k - a wand of roots (3)
 t - a wand of polymorph (6)
 w - a wand of acid (5)
 A - a wand of flame (36)
 R - a wand of paralysis (2)
 U - a wand of mindburst (5)
Scrolls
 b - 4 scrolls of fog
 o - 6 scrolls of teleportation
 B - 2 scrolls of summoning
 N - a scroll of revelation
 Z - a scroll of identify
Potions
 c - 5 potions of lignification
 e - 5 potions of enlightenment
 i - 10 potions of curing
 j - 3 potions of haste
 p - a potion of magic
 u - 3 potions of heal wounds
 x - 2 potions of invisibility
 z - 7 potions of might
 E - a potion of resistance
 O - a potion of berserk rage
 P - a potion of mutation
 S - 2 potions of ambrosia
Miscellaneous
 m - a phial of floods
 X - a lightning rod (4/4)
 Y - a phantom mirror


   Skills:
 + Level 12.2 Fighting
 + Level 11.9 Short Blades
 + Level 11.9 Long Blades
 + Level 11.9 Axes
 + Level 11.9 Maces & Flails
 + Level 11.9 Polearms
 + Level 11.9 Staves
 + Level 11.9 Ranged Weapons
 + Level 11.9 Throwing
 + Level 11.9 Armour
 + Level 11.9 Dodging
 + Level 11.9 Stealth
 + Level 12.7 Shields
 + Level 11.9 Unarmed Combat
 + Level 14.8 Spellcasting
 + Level 10.1 Conjurations
 + Level 10.1 Hexes
 + Level 10.1 Summonings
 + Level 10.1 Necromancy
 + Level 10.1 Translocations
 + Level 10.1 Transmutations
 + Level 10.1 Fire Magic
 + Level 10.1 Ice Magic
 + Level 10.1 Air Magic
 + Level 10.8 Earth Magic
 + Level 10.1 Poison Magic
 + Level 12.9 Invocations
 + Level 11.9 Evocations
 + Level 11.0 Shapeshifting


You had 5 spell levels left.
You knew the following spells:

 Your Spells              Type           Power      Damage    Failure   Level
a - Magic Dart            Conj           100%       1d8       1%          1
b - Stone Arrow           Conj/Erth      100%       3d13      1%          3
c - Freezing Cloud        Conj/Ice/Air   29%        6-21      1%          5
d - Irradiate             Conj/Tmut      29%        3d21      1%          5
e - Ozocubu's Refrigerat  Ice            29%        4d14      21%         7
f - Iskenderun's Mystic   Conj/Tloc      59%        2d12      1%          4
g - Leda's Unmaking       Conj/Erth      30%        9d5       3%          6
h - Orb of Destruction    Conj           29%        9d9       21%         7
i - Blink                 Tloc           100%       N/A       1%          2

Your spell library contained the following spells:

 Spells                   Type           Power      Damage    Failure   Level
 Lee's Rapid Deconstruct  Erth           30%        3d16*     1%          5
 Freeze                   Ice            100%       1d10      1%          1
 Necrotise                Necr           100%       1d9       1%          1
 Sandblast                Erth           100%       2d20      1%          1
 Sting                    Tmut/Pois      100%       1d8       1%          1
 Lesser Beckoning         Tloc           100%       N/A       1%          2
 Momentum Strike          Conj/Tloc      100%       3d10      1%          2
 Passwall                 Tmut/Erth      50%        N/A       1%          2
 Searing Ray              Conj           100%       2d8       1%          2
 Sublimation of Blood     Necr           59%        N/A       1%          2
 Dazzling Flash           Conj/Hex       100%       N/A       1%          3
 Frozen Ramparts          Ice            100%       1d16      1%          3
 Gell's Gravitas          Tloc           59%        N/A       1%          3
 Hailstorm                Conj/Ice       59%        3d13      1%          3
 Teleport Other           Tloc           59%        N/A       1%          3
 Vampiric Draining        Necr           59%        2d10      1%          3
 Volatile Blastmotes      Fire/Tloc      100%       2d18      1%          3
 Fulminant Prism          Conj/Hex       29%        3d13      1%          4
 Petrify                  Tmut/Erth      60%        N/A       1%          4
 Summon Ice Beast         Ice/Summ       59%        N/A       1%          4
 Fireball                 Conj/Fire      29%        3d13      1%          5
 Agony                    Necr           59%        N/A       2%          5
 Summon Forest            Summ/Tloc      29%        N/A       2%          5
 Starburst                Conj/Fire      29%        6d9       4%          6
 Malign Gateway           Summ/Tloc      29%        N/A       61%         7
 Maxwell's Capacitive Co  Air            29%        ∞         80%         8


Dungeon Overview and Level Annotations

Branches:
Dungeon (15/15)            Temple (0/1) D:7            Lair (5/5) D:9
  Swamp (0/4) Lair:3        Snake (0/4) Lair:3        Slime (0/5) Lair:5
    Orc (2/2) D:12            Elf (2/3) Orc:2        Vaults (0/5) D:14
 Depths (1/4) D:15          Sewer (visited)         Gauntlet (visited)

Altars:
Ashenzari
Cheibriados
Dithmenos
Elyvilon
Hepliaklqana
Kikubaaqudgha
Nemelex Xobeh
Qazlal
Ru
Sif Muna
Trog
Uskayaw
Vehumet
Yredelemnul
The Shining One
Jiyva
Lugonu

Shops:
D:12 (?   D:13 !   Orc:2 :[*[   Elf:1 *

Portals:
Abyss: D:1

Annotations:
D:5 3 runed translucent doors, Lysca's ghost, novice DECj
D:6 2 transporters, Bravepunisher's ghost, novice SpMo
D:9 2 transporters, Sundig's ghost, journeyman GnFi
Lair:5 1 runed translucent door


Innate Abilities, Weirdness & Mutations

You have very sharp teeth.
Your uncanny sense of smell can sniff out nearby items.
Your experience applies equally to all skills.
Your body sometimes deteriorates upon taking damage.


Message History

The +8 dagger hits you but does no damage.
Your Shapeshifting skill increases to level 11!
You feel much better.
The +8 dagger hits you but does no damage.
You block the +8 dagger's attack.
As you read the scroll of teleportation, it crumbles to dust.
You feel strangely unstable.
The deep elf knight shoots an arrow.
The arrow hits you but does no damage.
The +8 dagger hits you but does no damage.
The deep elf knight shoots an arrow.
The arrow completely misses you.
The arrow hits the +8 dagger!!
The +2 dagger closely misses you. The +8 dagger hits you!
* * * LOW HITPOINT WARNING * * *
Unknown command.
You miss the +8 dagger.
You bite the +8 dagger, but do no damage.
The +8 dagger is almost destroyed.
You block the +8 dagger's attack.
The +2 dagger is engulfed in freezing vapours.
You block the +2 dagger's attack.
The deep elf knight shoots an arrow.
The arrow hits you.
* * * LOW HITPOINT WARNING * * *
The +2 dagger is engulfed in freezing vapours.
The +2 dagger hits you but does no damage.
The +8 dagger hits you.
* * * LOW HITPOINT WARNING * * *
Casting: Leda's Unmaking (dangerous; 3% risk of failure)
Confirm with . or Enter, or press ? or * to list all spells.
You erupt in a fountain of uncontrolled magic!
The +8 dagger is blasted with magical radiation!!
The +8 dagger falls from the air.
Vehumet accepts your kill.
The +2 dagger is blasted with magical radiation!!
The +2 dagger falls from the air.
Vehumet accepts your kill.
You are very lightly contaminated with residual magic.
The deep elf knight shoots an arrow.
The arrow hits you but does no damage.
The deep elf knight gestures at you while chanting.
The shard of ice hits you!!!
You die...

...# #..# #....^.#...'.......
...# #..#.
#......#...#....... ...#
#..#..#......#...#.......
...#
#..#..########...########
...# .#..#......>...........∆
...#..#<.#.......~..........
'###..#..#........)~.e......#
......#..#...○§..$.~........#
......#..#....☼☼@...........#
#'##..#..#...☼☼)°############
...#..#..#....☼§..
...#..#..#...§○#...
#..#..#..#..°..#....
#..#..#..#.....#.....
#..#..#..#.... #⌠.....
#..#..#..#.... #.......
)..#..#..#


You could see a deep elf knight (fast, invisible).

Vanquished Creatures
  2 ancient champions (Elf:1)
  A storm dragon (D:14)
  A fire giant (D:15)
  A deep elf elementalist (Elf:1)
  2 stone giants (D:15)
  A deep elf demonologist (Elf:1)
  A minotaur (Gauntlet)
  Snorg (Lair:4)
  Azrael (D:12)
  A crystal guardian (D:14)
  2 deep elf death magi (Elf:1)
  A green death (Gauntlet)
  Josephine (D:10)
  5 hydras
  Harold (D:10)
  8 vault guards (D:14)
  5 centaur warriors
  A merfolk avatar (Lair:5)
  4 ice dragons
  5 catoblepae
  A death knight (D:14)
  6 boulder beetles
  4 two-headed ogres
  7 dancing weapons
  7 death yaks
  5 tengu warriors
  7 deep elf knights
  A vampire mage (Elf:1)
  11 orc high priests
  3 skysharks
  3 sea snakes (Lair:5)
  Lodul (D:14)
  A flayed ghost (Elf:1)
  2 deep trolls (D:15)
  A wizard (D:14)
  5 deep elf archers (Elf:1)
  2 necromancers (D:15)
  A phantasmal warrior (Elf:1)
  A frost giant zombie (Depths:1)
  2 orc knights
  24 deep elf pyromancers
  A harpy (Lair:5)
  16 deep elf zephyrmancers
  6 cyclopes
  12 ugly things
  3 manticores
  4 black mambas
  17 elephants
  A moth of wrath (shapeshifter) (D:15)
  A torpor snail (Lair:3)
  An ice statue (D:15)
  3 spectral elves (Elf:1)
  Jeremiah (D:7)
  8 cane toads
  5 yaktaurs (D:15)
  Maggie (D:6)
  A kobold demonologist (D:11)
  3 unseen horrors
  8 rime drakes
  3 freezing wraiths
  7 komodo dragons
  A yaktaur (shapeshifter) (D:14)
  9 trolls
  5 polar bears
  3 meliai (D:11)
  A wind drake (shapeshifter) (D:13)
  Prince Ribbit (Lair:3)
  4 hornets
  15 blink frogs
  2 snapping turtles (Lair:5)
  14 dream sheep
  15 slime creatures
  10 flying skulls (Gauntlet)
  A centaur simulacrum (D:14)
  A vampire (D:14)
  An air elemental (Elf:2)
  A shadow (D:10)
  A water elemental (Elf:1)
  41 yaks
  6 wyverns
  6 wraiths
  4 basilisks
  A vampire mosquito (D:14)
  5 steam dragons
  6 fire elementals
  11 wargs
  A swamp worm (Lair:3)
  3 acid dragons
  3 hell hounds (D:12)
  11 water moccasins
  14 orc warriors
  2 sky beasts
  2 black bears
  2 ice beasts
  16 ogres
  7 centaurs
  7 kobold brigands
  3 elf simulacra (Elf:1)
  9 bullfrogs
  A scorpion (D:5)
  An earth elemental (Elf:1)
  4 wights (D:8)
  10 killer bees
  4 electric eels
  5 howler monkeys
  2 crimson imps (D:1)
  A centaur zombie (D:5)
  2 lava snakes (Lair:3)
  A quasit (D:1)
  3 hounds
  A gnoll bouda (D:4)
  34 orc priests
  5 jellies
  6 iguanas
  An iron imp (D:1)
  Ijyb (D:4)
  15 orc wizards
  A hound zombie (D:5)
  6 gnolls
  10 adders
  3 river rats
  3 shadow imps
  4 white imps
  3 ufetubi (D:1)
  4 worms
  3 dart slugs
  83 orcs
  8 ball pythons
  8 bats
  10 endoplasms
  13 giant cockroaches
  5 goblins
  9 hobgoblins
  6 quokkas
  8 frilled lizards
  41 kobolds
  15 rats
827 creatures vanquished.

Vanquished Creatures (others)
  A deep elf pyromancer (Elf:1)
  A lost soul (Elf:1)
2 creatures vanquished.

Grand Total: 829 creatures vanquished

Notes
Turn   | Place    | Note
-------+----------+-------------------------------------------
     0 | D:1      | Reached skill level 9 in Spellcasting
     0 | D:1      | zazu2006 the Gnoll Wanderer began the quest for the Orb.
     0 | D:1      | zazu2006 set off with the following items: a +0 dagger, a
                  | scroll of fog, a +0 robe, a +0 buckler; and the following
                  | spells available to memorise: Sandblast, Magic Dart, Sting,
                  | Stone Arrow, Lesser Beckoning, Frozen Ramparts.
     0 | D:1      | Reached XP level 1. HP: 17/17 MP: 10/10
     2 | D:1      | Learned a level 1 spell: Magic Dart
    84 | D:1      | Found a large runed translucent door.
    84 | D:1      | Found a large runed translucent door.
    84 | D:1      | Found a corrupted altar of Lugonu.
    84 | D:1      | Noticed a crimson imp
    85 | D:1      | Noticed a quasit
    86 | D:1      | Noticed a crimson imp
   128 | D:1      | Found a one-way gate to the infinite horrors of the Abyss.
   130 | D:1      | Noticed a quasit
   130 | D:1      | Noticed an iron imp
   282 | D:1      | Reached XP level 2. HP: 23/23 MP: 3/12
  1004 | D:1      | Reached XP level 3. HP: 28/28 MP: 7/13
  1594 | D:2      | Reached skill level 1 in Invocations
  1677 | D:2      | Reached skill level 1 in Short Blades
  1677 | D:2      | Reached skill level 1 in Long Blades
  1677 | D:2      | Reached skill level 1 in Axes
  1677 | D:2      | Reached skill level 1 in Maces & Flails
  1677 | D:2      | Reached skill level 1 in Polearms
  1677 | D:2      | Reached skill level 1 in Staves
  1677 | D:2      | Reached skill level 1 in Ranged Weapons
  1677 | D:2      | Reached skill level 1 in Throwing
  1677 | D:2      | Reached skill level 1 in Armour
  1677 | D:2      | Reached skill level 1 in Dodging
  1677 | D:2      | Reached skill level 1 in Stealth
  1677 | D:2      | Reached skill level 1 in Unarmed Combat
  1677 | D:2      | Reached skill level 1 in Evocations
  2151 | D:2      | Reached skill level 1 in Shapeshifting
  2151 | D:2      | Reached XP level 4. HP: 21/34 MP: 8/15
  2315 | D:2      | Reached skill level 1 in Conjurations
  2315 | D:2      | Reached skill level 1 in Hexes
  2315 | D:2      | Reached skill level 1 in Summonings
  2315 | D:2      | Reached skill level 1 in Necromancy
  2315 | D:2      | Reached skill level 1 in Translocations
  2315 | D:2      | Reached skill level 1 in Transmutations
  2315 | D:2      | Reached skill level 1 in Fire Magic
  2315 | D:2      | Reached skill level 1 in Ice Magic
  2315 | D:2      | Reached skill level 1 in Air Magic
  2315 | D:2      | Reached skill level 1 in Poison Magic
  2733 | D:2      | You fall into a shaft and drop 1 floor!
  2915 | D:3      | Learned a level 3 spell: Stone Arrow
  3090 | D:3      | Identified the +2 spear of Disarray {vamp, *Noise Will-
                  | Str+2 Int+6}
  3421 | D:3      | Reached XP level 5. HP: 40/40 MP: 7/16
  3618 | D:3      | Found a snail-covered altar of Cheibriados.
  4562 | D:4      | Noticed Ijyb
  4566 | D:4      | Killed Ijyb
  4737 | D:4      | Reached XP level 6. HP: 47/47 MP: 2/18
  5027 | D:4      | Reached skill level 5 in Shields
  6097 | D:5      | Entered Level 5 of the Dungeon
  6137 | D:5      | Found a runed translucent gate.
  6137 | D:5      | Found a runed translucent gate.
  6137 | D:5      | Found a runed translucent gate.
  6137 | D:5      | Noticed Lysca's ghost (novice DECj)
  6139 | D:5      | Found a basalt altar of Yredelemnul.
  6236 | D:5      | Reached XP level 7. HP: 52/52 MP: 13/20
  6421 | D:5      | Found a glowing drain.
  6425 | Sewer    | Entered a sewer
  7218 | D:5      | Found a sparkling altar of Nemelex Xobeh.
  7744 | D:5      | Found a glowing golden altar of the Shining One.
  8078 | D:6      | Found a radiant altar of Vehumet.
  8082 | D:6      | Reached XP level 8. HP: 60/60 MP: 14/21
  8093 | D:6      | Became a worshipper of Vehumet
  8533 | D:6      | Noticed Bravepunisher's ghost (novice SpMo)
  8533 | D:6      | Identified the +0 giant club of the Hungering Gods {flame,
                  | Fragile rN+ Int+2}
  8534 | D:6      | Found a transporter.
  8594 | D:6      | Found a transporter.
  8702 | D:6      | Found a sacrificial altar of Ru.
  8733 | D:6      | Reached skill level 10 in Spellcasting
  9022 | D:6      | Noticed Maggie
  9034 | D:6      | Killed Maggie
  9035 | D:6      | Reached skill level 5 in Earth Magic
  9035 | D:6      | Reached XP level 9. HP: 59/67 MP: 2/23
  9421 | D:7      | Reached skill level 5 in Fighting
  9424 | D:7      | Identified the amulet of the Jocular God {RegenMP *Corrode
                  | Int+5 Dex+2}
  9492 | D:7      | Found a hide-covered altar of Uskayaw.
  9536 | D:7      | Found a white marble altar of Elyvilon.
  9630 | D:7      | Found a shadowy altar of Dithmenos.
  9631 | D:7      | Found a shimmering blue altar of Sif Muna.
  9634 | D:7      | Found an ancient bone altar of Kikubaaqudgha.
  9754 | D:7      | Found a staircase to the Ecumenical Temple.
  9815 | D:7      | Noticed Jeremiah
 10176 | D:7      | Noticed a moth of wrath
 10181 | D:7      | Found a bloodstained altar of Trog.
 10442 | D:8      | Noticed a two-headed ogre
 10448 | D:8      | Killed a two-headed ogre
 10449 | D:8      | Reached skill level 5 in Invocations
 10462 | D:8      | Reached XP level 10. HP: 55/75 MP: 2/24
 10655 | D:8      | Reached * piety under Vehumet
 10655 | D:8      | Offered knowledge of Shock by Vehumet.
 10766 | D:8      | Reached skill level 5 in Short Blades
 10766 | D:8      | Reached skill level 5 in Long Blades
 10766 | D:8      | Reached skill level 5 in Axes
 10766 | D:8      | Reached skill level 5 in Maces & Flails
 10766 | D:8      | Reached skill level 5 in Polearms
 10766 | D:8      | Reached skill level 5 in Staves
 10766 | D:8      | Reached skill level 5 in Ranged Weapons
 10766 | D:8      | Reached skill level 5 in Throwing
 10766 | D:8      | Reached skill level 5 in Armour
 10766 | D:8      | Reached skill level 5 in Dodging
 10766 | D:8      | Reached skill level 5 in Stealth
 10766 | D:8      | Reached skill level 5 in Unarmed Combat
 10766 | D:8      | Reached skill level 5 in Evocations
 10896 | D:8      | Found a hazy altar of Hepliaklqana.
 11460 | D:8      | Found a stormy altar of Qazlal.
 12046 | D:9      | Noticed a death yak
 12228 | D:7      | Killed Jeremiah
 12415 | D:9      | Reached skill level 5 in Shapeshifting
 12545 | D:9      | Found a staircase to the Lair.
 12556 | D:9      | Reached ** piety under Vehumet
 12678 | D:9      | Found a transporter.
 12679 | D:9      | Noticed a cyclops
 12685 | D:9      | Noticed Sundig's ghost (journeyman GnFi)
 12709 | D:9      | Found a broken altar of Ashenzari.
 12992 | D:9      | Found a transporter.
 13167 | D:10     | Entered Level 10 of the Dungeon
 13185 | D:10     | Reached skill level 11 in Spellcasting
 13187 | D:10     | Offered knowledge of Momentum Strike by Vehumet.
 13204 | D:10     | Reached XP level 11. HP: 62/83 MP: 7/26
 13326 | D:10     | Learned a level 4 spell: Iskenderun's Mystic Blast
 13337 | D:10     | Noticed a two-headed ogre
 13350 | D:10     | Killed a two-headed ogre
 13351 | D:10     | Reached skill level 5 in Conjurations
 13351 | D:10     | Reached skill level 5 in Hexes
 13351 | D:10     | Reached skill level 5 in Summonings
 13351 | D:10     | Reached skill level 5 in Necromancy
 13351 | D:10     | Reached skill level 5 in Translocations
 13351 | D:10     | Reached skill level 5 in Transmutations
 13351 | D:10     | Reached skill level 5 in Fire Magic
 13351 | D:10     | Reached skill level 5 in Ice Magic
 13351 | D:10     | Reached skill level 5 in Air Magic
 13351 | D:10     | Reached skill level 5 in Poison Magic
 13444 | D:10     | Noticed a centaur warrior
 13549 | D:10     | Noticed a centaur warrior
 13572 | D:10     | Noticed a two-headed ogre
 13578 | D:10     | Killed a two-headed ogre
 13681 | D:10     | Noticed Josephine
 14037 | D:10     | Killed Josephine
 14146 | D:10     | Noticed a two-headed ogre
 14151 | D:10     | Killed a two-headed ogre
 14230 | D:10     | Killed a centaur warrior
 14361 | D:10     | Noticed Harold
 14369 | D:10     | Killed Harold
 14520 | D:10     | Killed a centaur warrior
 14867 | D:8      | Killed a death yak
 14868 | D:8      | Reached XP level 12. HP: 91/91 MP: 11/27
 15033 | D:1      | Offered knowledge of Ignite Poison by Vehumet.
 15525 | D:11     | Reached *** piety under Vehumet
 15554 | D:11     | Noticed a catoblepas
 15562 | D:11     | Killed a catoblepas
 15939 | D:11     | Got the Anthology of Hoarfrost and Misery
 16117 | D:11     | Found a white marble altar of Elyvilon.
 16120 | D:11     | Offered knowledge of Flame Wave by Vehumet.
 16994 | D:11     | Learned a level 5 spell: Irradiate
 17086 | D:12     | Found Vodo's Magic Scroll Shoppe.
 17161 | D:12     | Found a staircase to the Orcish Mines.
 17465 | D:12     | Noticed a boulder beetle
 17476 | D:12     | Killed a boulder beetle
 17477 | D:12     | Reached skill level 12 in Spellcasting
 17556 | D:12     | Noticed a boulder beetle
 17580 | D:12     | Killed a boulder beetle
 17842 | D:12     | Found Git Reoc's Weapon Shoppe.
 18185 | D:12     | Noticed Azrael
 18347 | D:12     | Reached **** piety under Vehumet
 18374 | D:12     | Reached XP level 13. HP: 64/99 MP: 21/29
 18382 | D:12     | Killed Azrael
 18665 | Orc:1    | Entered Level 1 of the Orcish Mines
 18667 | Orc:1    | Offered knowledge of Airstrike by Vehumet.
 18716 | Orc:1    | Gained mutation: Your body sometimes deteriorates upon
                  | taking damage. [mutagenic glow]
 18907 | Orc:2    | Entered Level 2 of the Orcish Mines
 19133 | Orc:2    | Found a staircase to the Elven Halls.
 19249 | Orc:2    | Reached ***** piety under Vehumet
 19295 | Orc:2    | Offered knowledge of Conjure Ball Lightning by Vehumet.
 19309 | Orc:1    | You fall into a shaft and drop 1 floor!
 20193 | Orc:2    | Found Garulado's Book Shop.
 20193 | Orc:2    | Found Taseur's Antique Armour Shoppe.
 20385 | Orc:2    | Found Caebiyr's Assorted Antiques.
 20385 | Orc:2    | Found Ebyafa Enajo's Armour Shoppe.
 20391 | Orc:2    | Bought a warped cloak for 237 gold pieces
 20391 | Orc:2    | Identified the +1 cloak of the Moon Troll {rF+ rC++ Dex-4
                  | SInv} (You bought it in a shop on level 2 of the Orcish
                  | Mines)
 20696 | Lair:1   | Entered Level 1 of the Lair of Beasts
 20873 | Lair:1   | Offered knowledge of Plasma Beam by Vehumet.
 21686 | Lair:2   | Reached skill level 10 in Shields
 22486 | Lair:3   | Found a staircase to the Snake Pit.
 22519 | Lair:2   | Reached XP level 14. HP: 90/108 MP: 22/30
 22947 | Lair:3   | Noticed Prince Ribbit
 22972 | Lair:3   | Killed Prince Ribbit
 22973 | Lair:3   | Reached skill level 10 in Invocations
 23571 | Lair:3   | Found a staircase to the Swamp.
 23886 | Lair:4   | Reached skill level 13 in Spellcasting
 24337 | Lair:4   | Learned a level 7 spell: Ozocubu's Refrigeration
 24434 | Lair:4   | You fall into a shaft and drop 1 floor!
 24434 | Lair:5   | Entered Level 5 of the Lair of Beasts
 24580 | Lair:5   | Found a runed translucent door.
 24580 | Lair:5   | Found a viscous altar of Jiyva.
 24603 | Lair:5   | Found a staircase to the Slime Pits.
 24844 | Lair:4   | Noticed Snorg
 24851 | Lair:4   | Killed Snorg
 24878 | Lair:4   | Reached skill level 10 in Fighting
 25649 | Lair:4   | Offered knowledge of Freezing Cloud by Vehumet.
 25656 | Lair:4   | Learned a level 5 spell: Freezing Cloud
 26356 | D:13     | Found Yrrah's Distillery.
 26404 | D:13     | Reached XP level 15. HP: 110/115 MP: 19/32
 26757 | D:13     | Reached skill level 10 in Short Blades
 26757 | D:13     | Reached skill level 10 in Long Blades
 26757 | D:13     | Reached skill level 10 in Axes
 26757 | D:13     | Reached skill level 10 in Maces & Flails
 26757 | D:13     | Reached skill level 10 in Polearms
 26757 | D:13     | Reached skill level 10 in Staves
 26757 | D:13     | Reached skill level 10 in Ranged Weapons
 26757 | D:13     | Reached skill level 10 in Throwing
 26757 | D:13     | Reached skill level 10 in Armour
 26757 | D:13     | Reached skill level 10 in Dodging
 26757 | D:13     | Reached skill level 10 in Stealth
 26757 | D:13     | Reached skill level 10 in Unarmed Combat
 26757 | D:13     | Reached skill level 10 in Evocations
 26913 | D:13     | Identified the +0 robe of the Unbroken {-Cast rF+ rCorr
                  | Str+5}
 27463 | D:14     | Noticed Lodul
 27477 | D:14     | Killed Lodul
 27528 | D:14     | Found a gate to the Vaults.
 28726 | D:14     | Noticed a storm dragon
 28832 | D:14     | Killed a storm dragon
 29318 | D:15     | Entered Level 15 of the Dungeon
 29388 | D:15     | Found a gate leading to a gauntlet.
 29395 | Gauntlet | Entered a Gauntlet
 29395 | Gauntlet | Found a transporter.
 29395 | Gauntlet | Found a runed translucent gate.
 29395 | Gauntlet | Found a transporter.
 29397 | Gauntlet | Found a runed translucent gate.
 29407 | Gauntlet | Found a transporter.
 29424 | Gauntlet | Found a transporter.
 29424 | Gauntlet | Found a transporter.
 29424 | Gauntlet | Found a runed translucent gate.
 29426 | Gauntlet | Found a transporter.
 29428 | Gauntlet | Found a transporter.
 29428 | Gauntlet | Found a transporter.
 29440 | Gauntlet | Found a transporter.
 29456 | Gauntlet | Found a transporter.
 29466 | Gauntlet | Found a transporter.
 29481 | Gauntlet | Found a transporter.
 29500 | Gauntlet | Found a transporter.
 29580 | Gauntlet | Found a transporter.
 29627 | Gauntlet | Reached ****** piety under Vehumet
 29629 | Gauntlet | Offered knowledge of Leda's Unmaking by Vehumet.
 29685 | Gauntlet | Identified the +1 helmet "Ypeamu" {Rampage *Corrode rPois}
 29733 | Gauntlet | Learned a level 6 spell: Leda's Unmaking
 29782 | Gauntlet | Identified the amulet "Zeitism" {RegenMP rC+ rN++ Int+2}
 29784 | Gauntlet | Identified the +9 long sword of Wrath {freeze, SInv}
 29966 | Gauntlet | Found the +3 pair of seven-league boots {Rampage+∞}
 30063 | D:15     | Found a staircase to the Depths.
 30363 | D:15     | Reached XP level 16. HP: 30/125 MP: 26/33
 30368 | D:15     | Reached skill level 14 in Spellcasting
 30869 | D:15     | Reached skill level 10 in Shapeshifting
 31174 | D:15     | Reached skill level 10 in Earth Magic
 32221 | Lair:5   | Offered knowledge of Orb of Destruction by Vehumet.
 33497 | Depths:1 | Entered Level 1 of the Depths
 33613 | D:15     | Learned a level 7 spell: Orb of Destruction
 33616 | D:15     | Learned a level 2 spell: Blink
 34009 | Elf:1    | Entered Level 1 of the Elven Halls
 34623 | Elf:1    | Got Pusey's Quarto of the Entourage
 34669 | Elf:1    | Found Dixu's General Store.
 34702 | Elf:1    | Bought a scroll of identify for 30 gold pieces
 34702 | Elf:1    | Bought a scroll of teleportation for 45 gold pieces
 34702 | Elf:1    | Bought a scroll of identify for 30 gold pieces
 34721 | Elf:1    | Reached XP level 17. HP: 132/133 MP: 35/35
 35581 | Elf:1    | Identified the +0 leather armour of the Furrier {rPois rF-
                  | Int+6 Dex+3}
 35592 | Elf:1    | Offered knowledge of Lee's Rapid Deconstruction by Vehumet.
 36306 | Elf:1    | Noticed an ancient champion
 36315 | Elf:1    | Killed an ancient champion
 36317 | Elf:1    | Noticed an ancient champion
 36331 | Elf:1    | Killed an ancient champion
 36332 | Elf:1    | Reached skill level 10 in Conjurations
 36332 | Elf:1    | Reached skill level 10 in Hexes
 36332 | Elf:1    | Reached skill level 10 in Summonings
 36332 | Elf:1    | Reached skill level 10 in Necromancy
 36332 | Elf:1    | Reached skill level 10 in Translocations
 36332 | Elf:1    | Reached skill level 10 in Transmutations
 36332 | Elf:1    | Reached skill level 10 in Fire Magic
 36332 | Elf:1    | Reached skill level 10 in Ice Magic
 36332 | Elf:1    | Reached skill level 10 in Air Magic
 36332 | Elf:1    | Reached skill level 10 in Poison Magic
 37369 | Elf:2    | Got the Reference Book on Polar Outbursts
 37378 | Elf:2    | Paralysed by an air elemental for 1 turns
 37730 | Elf:2    | Killed from afar by a deep elf knight

Illustrated notes

Levels and vault maps discovered:
D:1:      erik_arrival_cave_to_civilisation [erik_arrival_cave_to_temple],
          layout_basic
D:2:      minmay_roachtagon, layout_rooms, minmay_pentomino_s4
D:3:      layout_basic, lemuel_coloured_pillars_altar,
          nicolae_kite_square_tiling_tiny
D:4:      minmay_razor_zed, layout_basic, chequers_serial_rivers_micro_d,
          uniq_ijyb
D:5:      black_bear_nest_2, layout_loops_cross,
          nicolae_yredelemnul_ghost_church, old_standard_altar,
          tso_oasis_becter, gup_sewer_entry_spiral
D:6:      layout_basic, mainiacjoe_overflow_brackets, vehumet_altar_wand_db,
          gammafunk_ghost_smash, uniq_maggie
D:7:      layout_basic, tgw_trog, kennysheep_mini_moat,
          grunt_temple_overflow_open, minmay_temple_entry_ruins, uniq_jeremiah
D:8:      layout_loops_corners, nicolae_overflow_hidden_temple,
          general_overflow_altar, corexii_mini_fake_secret_closet,
          grunt_ministairs_5
D:9:      layout_long_grid, ashenzari_altar_1, david_lair_generic,
          gammafunk_ghost_arena, minmay_misc_feat_cross
D:10:     layout_roguey, kennysheep_cross_room,
          minmay_fractal_squares_gapless_7, uniq_harold, uniq_josephine
D:11:     layout_basic, elyvilon_altar_5
D:12:     layout_basic, orc_david_3, serial_shops, nicolae_shop_trees,
          uniq_azrael
D:13:     layout_roguey, serial_shops, shop, hangedman_decor_growths
D:14:     nzn_winding_woodlands_cross [nzn_winding_woodlands_5x15_pool,
          nzn_winding_woodlands_5x15_pockets,
          nzn_winding_woodlands_5x15_sidewinder,
          nzn_winding_woodlands_5x15_concentric,
          nzn_winding_woodlands_15x15_boxy_spiral], layout_irregular_city,
          erik_vaults_2, roderic_roman_lattice, uniq_lodul
D:15:     hangedman_depths_entry_civil_slaughter, layout_small_grid,
          gauntlet_entry_generic, serial_bayou_pond_b,
          portal_ice_cave_entry_ice_statue_one
Lair:1:   layout_long_grid, chequers_serial_rivers_small_3
Lair:2:   layout_chaotic_city
Lair:3:   layout_chaotic_city, palyth_hydra_swamp_entry, dummy_snake_entry,
          nicolae_lair_liquid_snakes, uniq_prince_ribbit2
Lair:4:   layout_roguey, minmay_hedge_maze, bobbens_ice_dragon_lair,
          grunt_megastairs_5, uniq_snorg
Lair:5:   gammafunk_lair_ancient_temple, layout_big_grid, slime_entry_2
Orc:1:    layout_caves
Orc:2:    st_orc_town, layout_caves, basic_altar
Elf:1:    eino_elf_arrival_sip, layout_geoelf_diagonals, serial_shops, shop,
          minmay_elf_demonology, nicolae_elf_deep_mausoleum
Elf:2:    nicolae_elf_blades_crystal_corner, layout_onion_city
Depths:1: layout_gridlike, enter_ziggurat_d,
          nicolae_concentric_dashed_squares_mild, lightli_too_deep,
          abyss_entry_small_statue_room, chequers_serial_rivers_large_b,
          okawaru_gym_becter, kennysheep_random_hallway

Skill      XL: |  1  2  3  4  5  6  7  8  9 10 11 12 13 14 15 16 17 |
---------------+----------------------------------------------------+-----
Spellcasting   | 10 11 12 13 14 | 14.8
Invocations    | 1 2 3 4 5 6 7 8 9 10 11 12 | 12.9
Short Blades   | 1 2 4 5 6 7 9 10 11 | 11.9
Long Blades    | 1 2 4 5 6 7 9 10 11 | 11.9
Axes           | 1 2 4 5 6 7 9 10 11 | 11.9
Maces & Flails | 1 2 4 5 6 7 9 10 11 | 11.9
Polearms       | 1 2 4 5 6 7 9 10 11 | 11.9
Staves         | 1 2 4 5 6 7 9 10 11 | 11.9
Ranged Weapons | 1 2 4 5 6 7 9 10 11 | 11.9
Throwing       | 1 2 4 5 6 7 9 10 11 | 11.9
Armour         | 1 2 4 5 6 7 9 10 11 | 11.9
Dodging        | 1 2 4 5 6 7 9 10 11 | 11.9
Stealth        | 1 2 4 5 6 7 9 10 11 | 11.9
Unarmed Combat | 1 2 4 5 6 7 9 10 11 | 11.9
Evocations     | 1 2 4 5 6 7 9 10 11 | 11.9
Shapeshifting  | 1 2 3 4 5 6 7 8 9 10 11 | 11.0
Conjurations   | 1 2 3 4 5 6 7 8 9 10 | 10.1
Hexes          | 1 2 3 4 5 6 7 8 9 10 | 10.1
Summonings     | 1 2 3 4 5 6 7 8 9 10 | 10.1
Necromancy     | 1 2 3 4 5 6 7 8 9 10 | 10.1
Translocations | 1 2 3 4 5 6 7 8 9 10 | 10.1
Transmutations | 1 2 3 4 5 6 7 8 9 10 | 10.1
Fire Magic     | 1 2 3 4 5 6 7 8 9 10 | 10.1
Ice Magic      | 1 2 3 4 5 6 7 8 9 10 | 10.1
Air Magic      | 1 2 3 4 5 6 7 8 9 10 | 10.1
Poison Magic   | 1 2 3 4 5 6 7 8 9 10 | 10.1
Fighting       | 3 4 5 6 7 8 9 10 11 12 | 12.2
Earth Magic    | 4 5 6 7 8 9 10 | 10.8
Shields        | 5 6 7 8 9 10 11 12 | 12.7

Action                     |  1- 3 |  4- 6 |  7- 9 | 10-12 | 13-15 | 16-18 || total
---------------------------+-------+-------+-------+-------+-------+-------++-------
  Melee: Dagger            |     2 |    86 |    26 |       |       |       ||   114
         Bite              |       |    10 |     4 |    18 |    21 |    53 ||   106
         Short sword       |       |       |     5 |   186 |   125 |       ||   316
         Long sword        |       |       |       |       |    26 |   308 ||   334
         Unarmed           |       |       |       |       |     2 |       ||     2
   Cast: Magic Dart        |   109 |   175 |    62 |    28 |     7 |     3 ||   384
         Stone Arrow       |       |    22 |   102 |   312 |   775 |    51 ||  1262
         Iskenderun's Myst |       |       |       |     2 |       |     1 ||     3
         Irradiate         |       |       |       |     1 |    19 |     9 ||    29
         Freezing Cloud    |       |       |       |       |     8 |    41 ||    49
         Leda's Unmaking   |       |       |       |       |     8 |    56 ||    64
         Ozocubu's Refrige |       |       |       |       |       |    30 ||    30
  Evoke: Wand              |       |       |     3 |     5 |    16 |       ||    24
    Use: Scroll            |       |       |    10 |     5 |    19 |     6 ||    40
         Potion            |       |       |       |       |     3 |     3 ||     6
   Stab: Sleeping          |       |       |     1 |     3 |     2 |     2 ||     8
         Paralysed         |       |       |       |       |     1 |       ||     1
         Petrified         |       |       |       |       |     3 |       ||     3
 Armour: Robe              |    20 |    81 |    24 |       |       |       ||   125
         Acid dragon scale |       |       |     3 |   173 |   352 |   234 ||   762
  Dodge: Dodged            |    24 |    68 |    40 |   214 |   430 |   281 ||  1057
  Block: Buckler           |     6 |    16 |    20 |    98 |   160 |   160 ||   460

Table legend: (Time is in decaauts)
 A = Elapsed time spent in this place.
 B = Non-inter-level travel time spent in this place.
 C = Inter-level travel time spent in this place.
 D = Time resting spent in this place.
 E = Time spent auto-exploring this place.
 F = Levels seen in this place.
 G = Mean time per level.
                   A        B        C        D        E       F      G
               +--------+--------+--------+--------+--------+-----+--------+
         Total |  37866 |  35215 |   2651 |   4857 |  23184 |  27 | 1402.4 |
       Dungeon |  23680 |  21895 |   1785 |   1855 |  15778 |  15 | 1578.7 |
          Lair |   6939 |   6417 |    522 |    867 |   4343 |   5 | 1387.8 |
  Orcish Mines |   2575 |   2312 |    263 |    380 |   1325 |   2 | 1287.5 |
   Elven Halls |   3400 |   3321 |     79 |   1532 |   1290 |   2 | 1700.0 |
        Depths |     96 |     96 |      0 |      0 |      5 |   1 |   96.0 |
         Sewer |    545 |    545 |      0 |      0 |    442 |   1 |  545.0 |
      Gauntlet |    629 |    629 |      0 |    223 |      0 |   1 |  629.0 |
               +--------+--------+--------+--------+--------+-----+--------+

Top non-repeatable levels by time:
   Elf:1: 2544 daAuts
  Lair:4: 2333 daAuts
    D:14: 2264 daAuts
    D:12: 2086 daAuts
     D:1: 1947 daAuts
   Orc:2: 1934 daAuts
    D:15: 1836 daAuts
     D:3: 1808 daAuts
     D:8: 1736 daAuts
     D:4: 1621 daAuts
    D:11: 1615 daAuts
    D:10: 1522 daAuts
  Lair:3: 1484 daAuts
     D:5: 1436 daAuts
     D:7: 1396 daAuts
